Match 43616096
Unlisted

Match 43616096
End
Construct Section Command Post
Selects Australian Defense Battlegroup
Selects Australian Light Infantry Section
Australian Light Infantry Section
Dingo Light Scout Car
Infantry Section
Australian Light Infantry Section
Grenade Package
Construct Field Infirmary
Selects 2-pounder Anti-tank Gun Team
Construct Platoon Command Post
Unlock M3 Stuart Light Tanks
2-pounder Anti-tank Gun Team
Selects CMP 15cwt Supply Run
M3 Stuart Light Tank
Selects Reinforced Resource Caches
Infantry Training
Vickers Machine Gun Team
6-pounder Anti-tank Gun Team
Construct Company Command Post
Selects Archer Tank Destroyer
Australian Light Infantry Section
Crusader II Medium Tank
Foot Guards Section
Royal Engineer Section
Selects Vehicle Over Repair
Crusader II Medium Tank
Foot Guards Section
King-Yoa
JollyRedRockett
Enceladus
EOSR
Milo
Goliath
0
0

Comments sign in to comment!

No comments posted yet!